Map: Ruins of Seras

Players

SticklerMac - Winner!

  • Race: Zerg Zerg
  • League: Silver

addil

  • Race: Protoss Protoss
  • League: Silver

VOD

Have the link to the VOD?

Description

Time

  • Played on: Aug. 23, 2015, 1:52 p.m.
  • Length: 6:34
Show
View Real Time Build Order
Export as new Build Order

SticklerMac Zerg - Winner!

Build Orders: Hatch First 

Get SALT Encoding   

  12  0:00  Drone  
  13  0:08  Drone  
  14  0:18  Overlord  
  14  0:36  Drone x3  
  17  0:56  Hatchery  
  16  1:00  Drone  
  16  1:02  Drone  
  18  1:07  Extractor  
  18  1:09  Drone  
  18  1:24  Spawning Pool  
  17  1:28  Drone  
  17  1:30  Drone  
  19  1:51  Drone  
  19  1:53  Drone  
  21  2:02  Overlord  
  21  2:13  Metabolic Boost  
  21  2:14  Queen x2  
  25  2:27  Drone  
  25  2:28  Drone  
  27  2:33  Drone  
  27  2:34  Drone x2  
  30  2:38  Drone  
  31  3:01  Drone  
  31  3:02  Drone x3  
  35  3:10  Lair  
  35  3:12  Drone  
  36  3:15  Overlord  
  36  3:16  Hatchery  
  35  3:20  Overlord  
  35  3:24  Drone  
  36  3:28  Extractor  
  36  3:29  Drone  
  36  3:31  Overlord  
  36  3:34  Overlord  
  36  3:36  Drone  
  37  3:43  Drone  
  37  3:44  Drone x3  
  40  3:52  Drone  
  40  3:53  Drone x3  
  40  3:55  Drone  
  45  3:58  Drone  
  46  4:14  Extractor  
  46  4:16  Extractor  
  45  4:17  Drone x4  
  45  4:21  Spire  
  47  4:27  Drone x2  
  47  4:28  Drone x4  
  47  4:29  Drone  
  54  4:33  Queen  
  56  4:48  Drone x3  
  56  4:49  Drone x2  
  56  4:50  Drone  
  62  4:54  Extractor  
  62  4:56  Drone x3, Extractor  
  62  4:57  Drone  
  64  5:00  Drone  
  64  5:01  Drone x2  
  67  5:11  Overlord x2  
  67  5:18  Overlord  
  67  5:21  Overlord x2  
  67  5:36  Mutalisk  
  67  5:37  Mutalisk x7  
  67  5:40  Mutalisk x2  
  87  5:45  Zergling x2  
  87  5:56  Spine Crawler  
  86  5:57  Spine Crawler  
  86  5:58  Mutalisk x3  
  86  6:00  Spine Crawler  
  86  6:04  Mutalisk  
  90  6:06  Zergling x4  
  90  6:07  Zergling x2  
  90  6:09  Zergling x2  
Show
View Real Time Build Order
Export as new Build Order

addil Protoss 

Build Orders: Nexus First 

Get SALT Encoding   

  12  0:02  Probe  
  13  0:14  Probe  
  14  0:26  Probe  
  14  0:27  Pylon  
  15  0:45  Probe  
  16  0:57  Probe  
  17  1:04  Nexus  
  17  1:15  Gateway  
  17  1:18  Probe  
  18  1:25  Assimilator  
  18  1:30  Probe  
  19  1:35  Assimilator  
  19  1:42  Probe  
  20  1:54  Probe  
  21  2:06  Probe  
  22  2:09  Cybernetics Core  
  22  2:15  Zealot  
  22  2:18  Probe, Pylon  
  25  2:28  Probe  
  26  2:32  Pylon  
  26  2:33  Probe  
  27  2:38  Pylon  
  27  2:40  Probe  
  28  2:47  Warp Gate  
  28  2:50  Mothership Core  
  32  2:51  Sentry  
  32  2:52  Probe  
  33  3:04  Probe  
  34  3:11  Probe  
  35  3:16  Probe  
  36  3:21  Robotics Facility  
  36  3:23  Probe  
  36  3:25  Assimilator  
  37  3:29  Assimilator  
  37  3:30  Stalker  
  37  3:31  Probe  
  40  3:40  Probe  
  41  3:46  Probe  
  42  3:55  Probe  
  43  3:56  Robotics Facility  
  43  4:01  Probe  
  44  4:14  Immortal, Probe  
  49  4:25  Probe  
  49  4:26  Probe  
  51  4:38  Probe x2  
  57  4:50  Probe  
  57  4:52  Pylon  
  58  4:53  Pylon  
  58  4:55  Immortal, Pylon  
  62  5:06  Gateway  
  62  5:08  Gateway  
  62  5:10  Probe, Immortal  
  62  5:11  Gateway  
  62  5:13  Probe  
  64  5:25  Pylon  
  64  5:27  Pylon  
  64  5:30  Pylon  
  64  5:34  Probe  
  65  5:45  Pylon  
  65  5:46  Probe  
  65  5:48  Immortal  
  70  5:55  Stalker  
  72  6:00  Probe x2  
  78  6:13  Probe  
  79  6:25  Stalker x3  
Tags
 
Add a new tag
Caveats
  • Supply blocks, unpowered buildings, or Contaminate may cause inaccurate times.
  • Supply counts are checked every 10 seconds.